 Dungeon Crawl Stone Soup version 0.29.1-13-g9f3cf754e1 (webtiles) character file.

Game seed: 17447792224163228360

232 dungeoncrawlr the Grave Robber (level 5, -2/31 (36) HPs)
             Began as a Demonspawn Necromancer on Jan 30, 2023.
             Was a Follower of Makhleb.
             Slain by a wight
             ... wielding a +0 mace
              (11 damage)
             ... on level 4 of the Dungeon on Jan 31, 2023.
             The game lasted 00:42:17 (4117 turns).

dungeoncrawlr the Grave Robber (DsNe)               Turns: 4117, Time: 00:42:18

HP:   -2/31 (36)    AC:  4    Str:  8    XL:     5   Next: 73%
MP:   18/18         EV: 12    Int: 19    God:    Makhleb [*.....]
Gold: 249           SH:  0    Dex: 13    Spells: 6/10 levels left

rFire   . . .      SeeInvis .   n - +1 short sword (vamp)
rCold   . . .      Faith    .   c - orb {*channel}
rNeg    . . .      Spirit   .   a - +0 robe
rPois   .          Reflect  .   q - +1 helmet
rElec   .          Harm     .   (no cloak)
rCorr   .          Rampage  .   (no gloves)
Will    .....                   (no boots)
Stlth   ++........              (no amulet)
HPRegen 0.10/turn               o - ring of magical power
MPRegen 0.32/turn               (no ring)

@: heavily drained
A: foul stench 1, magic regeneration, weakness stinger 1
a: Renounce Religion


You were on level 4 of the Dungeon.
You worshipped Makhleb.
Makhleb was aware of your devotion.
You visited 1 branch of the dungeon, and saw 4 of its levels.

You collected 249 gold pieces.

Inventory:

Hand Weapons
 h - a +0 short sword
 n - a +1 vampiric short sword (weapon)
 p - a +0 dagger of venom
 v - a +2 dagger of electrocution
Armour
 a - a +0 robe (worn)
 c - an orb of energy (worn)
 e - a +0 robe
 q - a +1 helmet (worn)
Jewellery
 o - a ring of magical power (left hand)
Scrolls
 d - a scroll of vulnerability {unknown}
 f - a scroll of immolation {unknown}
 g - 2 scrolls of teleportation {unknown}
 i - a scroll of enchant armour {unknown}
 m - 2 scrolls of identify
 t - a scroll of acquirement {unknown}
 u - a scroll of enchant weapon {unknown}
Potions
 b - a potion of magic
 j - 2 potions of mutation {unknown}
 k - a potion of might
 l - 2 potions of lignification {unknown}
 r - a potion of brilliance {unknown}
 s - a potion of curing {unknown}
 w - 2 potions of heal wounds {unknown}


   Skills:
 - Level 0.4 Fighting
 + Level 0.6 Short Blades
 + Level 2.2 Dodging
 - Level 1.7 Stealth
 + Level 3.2 Spellcasting
 * Level 6.2 Necromancy
 * Level 2.4 Invocations


You had 6 spell levels left.
You knew the following spells:

 Your Spells              Type           Power      Damage    Failure   Level
a - Necrotise             Necr           100%       1d9       1%          1
b - Vampiric Draining     Necr           26%        2d7       3%          3

Your spell library contained the following spells:

 Spells                   Type           Power      Damage    Failure   Level
 Sublimation of Blood     Necr           26%        N/A       1%          2
 Animate Dead             Necr           26%        N/A       12%         4
 Wereblood                Tmut           3%         N/A       22%         2
 Agony                    Necr           26%        N/A       32%         5
 Inner Flame              Hex/Fire       3%         N/A       41%         3
 Portal Projectile        Hex/Tloc       6%         N/A       41%         3
 Tukima's Dance           Hex            3%         N/A       41%         3
 Cause Fear               Hex            1%         N/A       83%         4
 Olgreb's Toxic Radiance  Pois           3%         N/A       83%         4
 Blade Hands              Tmut           1%         N/A       99%         5
 Ozocubu's Refrigeration  Ice            1%         4d7       100%        7
 Summon Hydra             Summ           1%         N/A       100%        7
 Discord                  Hex            1%         N/A       100%        8
 Ignition                 Fire           1%         3d3       100%        8


Dungeon Overview and Level Annotations

Branches:
Dungeon (4/15)
 Temple: D:4-7

Altars:
Dithmenos
Makhleb


Innate Abilities, Weirdness & Mutations

You may rarely emit foul miasma when damaged in melee.
You regenerate magic rapidly.
You have a small tail.


Message History

Your goblin's corpse dissolves into shadows!
Your orc priest closely misses the wight.
You swap places.
The wight hits your orc priest with a +0 long sword!
Your orc priest dies!
Your orc priest's corpse dissolves into shadows!
You swap places.
The wight barely misses your orc.
Your orc hits the wight with a +0 club.
You swap places.
The wight hits your orc with a +0 long sword.
Your orc closely misses the wight.
You swap places.
The wight hits your orc with a +0 long sword!
Your orc dies!
Your orc's corpse dissolves into shadows!
The wight barely misses your orc.
Your orc hits the wight with a +0 club. Something misses your orc.
You start resting.
A wight is nearby!
Your orc barely misses the wight.
The wight closely misses your orc.
Your orc hits the wight with a +0 club.
Your orc completely misses the wight.
You start resting.
A wight is nearby!
You completely miss the wight.
The wight is severely damaged.
The wight closely misses you.
You barely miss the wight.
Your tail-slap misses the wight.
The wight is severely damaged.
You hit the wight but do no damage. You completely miss the wight.
You hit the wight.
Your tail-slap misses the wight.
The wight is lightly damaged.
The wight hits you with a +0 mace.
* * * LOW HITPOINT WARNING * * *
You feel drained.
As you read the scroll of summoning, it crumbles to dust.
Wisps of shadow whirl around you... The wight misses you.
The wight hits you with a +0 mace!
You die...

#. #o# # #.## #.# .##
..# #.# ..###.## #z##
#......# #oo##
#......### ##..####
#........# ##....#
#.).†.##.########z####
#.....##....# ##@zg..##
#.#########.###r......##
#.# #............# #.#
###..........# #.#
#.....[....# #.#
#..........# ..####
##.........# .....##
#.........# ......##
#..(......#


You could see 2 wights, a friendly quokka (summoned) and a friendly hobgoblin
(summoned).

Vanquished Creatures
  A necrophage (D:4)
  A jelly (D:4)
  An orc priest (D:3)
  3 adders
  2 worms (D:2)
  3 dart slugs
  An orc (D:4)
  6 bats
  5 endoplasms
  5 giant cockroaches
  9 goblins
  4 hobgoblins
  2 jackals (D:1)
  8 kobolds
  A quokka (D:3)
  3 ball pythons
  8 frilled lizards
  3 rats
66 creatures vanquished.

Vanquished Creatures (collateral kills)
  A worm (D:3)
  A bat (D:1)
  A kobold (D:1)
3 creatures vanquished.

Grand Total: 69 creatures vanquished

Notes
Turn   | Place    | Note
-------+----------+-------------------------------------------
     0 | D:1      | dungeoncrawlr the Demonspawn Necromancer began the quest
                  | for the Orb.
     0 | D:1      | Reached XP level 1. HP: 13/13 MP: 3/3
   355 | D:1      | Gained mutation: You have a small tail. [demonic ancestry]
   355 | D:1      | Reached XP level 2. HP: 20/20 MP: 3/5
   549 | D:1      | Reached skill level 5 in Necromancy
  1052 | D:1      | Gained mutation: You may rarely emit foul miasma when
                  | damaged in melee. [demonic ancestry]
  1052 | D:1      | Reached XP level 3. HP: 24/25 MP: 3/6
  1119 | D:1      | Learned a level 3 spell: Vampiric Draining
  2340 | D:2      | Noticed a great orb of eyes
  2343 | D:2      | Found a faded altar of an unknown god.
  2344 | D:2      | Noticed an eye of devastation
  2344 | D:2      | Noticed an eye of devastation
  2344 | D:2      | Noticed a shining eye
  2374 | D:2      | Prayed at the altar of an unknown god.
  2374 | D:2      | Became a worshipper of Makhleb the Destroyer
  2374 | D:2      | Reached * piety under Makhleb
  2522 | D:2      | Reached XP level 4. HP: 26/31 MP: 7/7
  3046 | D:3      | Reached skill level 1 in Invocations
  3669 | D:4      | Noticed a black bear
  3766 | D:4      | Found a shadowy altar of Dithmenos.
  3853 | D:4      | Noticed a necrophage
  3869 | D:4      | Killed a necrophage
  3870 | D:4      | Reached skill level 6 in Necromancy
  3870 | D:4      | Gained mutation: You regenerate magic rapidly. [demonic
                  | ancestry]
  3870 | D:4      | Reached XP level 5. HP: 22/36 MP: 9/9
  4117 | D:4      | Slain by a wight

Illustrated notes

Levels and vault maps discovered:
D:1:      minmay_arrival_split_and_join, layout_loops_ring, serial_glass,
          glass_columns_b, glass_columns_c, hex_medium
D:2:      layout_loops_corners, hellmonk_ecumenical_altar_watching_god,
          minmay_misc_feat_x
D:3:      layout_loops_ring, st_stairs_9
D:4:      layout_rooms, makhleb_blood_cavern_becter,
          mainiacjoe_overflow_alcove_1

Skill      XL: |  1  2  3  4 |
---------------+-------------+-----
Necromancy     | 5 6 |  6.2
Dodging        | 2 |  2.2
Invocations    | 2 |  2.4
Spellcasting   | 3 |  3.2
Fighting       | |  0.4
Short Blades   | |  0.6
Stealth        | |  1.7

Action                   |  1- 3 |  4- 6 || total
-------------------------+-------+-------++-------
Melee: Short sword       |    75 |    63 ||   138
       Unarmed           |     3 |       ||     3
       Tailslap          |     2 |     4 ||     6
 Cast: Necrotise         |    54 |    28 ||    82
       Vampiric Draining |     1 |       ||     1
  Use: Scroll            |     2 |     3 ||     5
       Potion            |       |     2 ||     2
 Stab: Sleeping          |     2 |       ||     2
Armor: Robe              |    19 |    10 ||    29
Dodge: Dodged            |    62 |    57 ||   119
